 Dungeon Crawl Stone Soup version 0.23.2-1-ga50397a6bc (webtiles) character file.

Game seed: 1707599068354213547

182 FluffierThanThou the Ogre Mage (level 5, 0/53 HPs)
             Began as an Ogre Fire Elementalist on May 14, 2019.
             Slain by a wight
             ... wielding a +0 scimitar
              (10 damage)
             ... on level 2 of the Dungeon.
             The game lasted 00:16:03 (1471 turns).

FluffierThanThou the Ogre Mage (OgFE)               Turns: 1471, Time: 00:16:04

Health: 0/53       AC:  3    Str: 11 (12) XL:     5   Next: 61%
Magic:  8/10       EV: 10    Int: 17      God:
Gold:   80         SH:  0    Dex:  8 (9)  Spells: 8/11 levels left

rFire    . . .     SeeInvis .   b - +0 mace
rCold    . . .     Gourm    .   (no shield)
rNeg     + . .     Faith    .   r - +0 robe
rPois    .         Spirit   .   (helmet restricted)
rElec    .         Reflect  .   (no cloak)
rCorr    .         Harm     .   (gloves unavailable)
MR       .....                  (boots unavailable)
Stlth    +.........             n - amulet of regeneration
HPRegen  0.57/turn              d - ring of positive energy
MPRegen  0.12/turn              (no ring)

@: drained
A: large, unfitting armour, tough skin 1
a: no special abilities


You were on level 2 of the Dungeon.
You were very hungry.

You visited 1 branch of the dungeon, and saw 2 of its levels.

You collected 80 gold pieces.

Inventory:

Hand Weapons
 a - a +0 hunting sling
 b - a +0 mace (weapon)
 h - a +1 dagger of speed
Missiles
 s - 30 stones (quivered)
Armour
 r - a +0 robe (worn)
Jewellery
 d - a ring of positive energy (left hand)
 n - an amulet of regeneration (around neck)
Scrolls
 e - 2 scrolls of identify {unknown}
 f - 2 scrolls of amnesia {unknown}
 g - a scroll of enchant weapon {unknown}
 k - 2 scrolls of noise {unknown}
 l - a scroll of fear {unknown}
 o - a scroll of teleportation {unknown}
 p - a scroll of remove curse {unknown}
Comestibles
 c - 4 rations


   Skills:
 * Level 3.1(2.3) Fighting
 * Level 3.0(2.2) Dodging
 - Level 1.4(0.6) Stealth
 * Level 3.8(3.0) Spellcasting
 - Level 0.8(0.1) Conjurations
 * Level 3.5(2.7) Fire Magic


You had 8 spell levels left.
You knew the following spells:

 Your Spells              Type           Power        Failure   Level  Hunger
a - Flame Tongue          Conj/Fire      #....        10%         1    None
b - Throw Flame           Conj/Fire      #.....       14%         2    ##.....

Your spell library contained the following spells:

 Spells                   Type           Power        Failure   Level  Hunger
 Conjure Flame            Conj/Fire      #.......     28%         3    ###....
 Inner Flame              Hex/Fire       #.......     30%         3    ###....
 Sticky Flame             Conj/Fire      #.......     67%         4    ####...
 Fireball                 Conj/Fire      #.........   95%         5    ######.


Dungeon Overview and Level Annotations

Branches:
Dungeon (2/15)

Altars:


Innate Abilities, Weirdness & Mutations

You are too large for most types of armour.
You have tough skin. (AC +1)


Message History

The wight is lightly damaged.
The wight hits you with a +0 scimitar!
You barely miss the wight.
The wight is lightly damaged.
The wight hits you but does no damage.
You hit the wight.
The wight is moderately damaged.
The wight barely misses you.
You sock the wight!
The wight is almost destroyed.
The wight hits you but does no damage.
You hit the wight but do no damage.
The wight is almost destroyed.
The wight hits you with a +0 scimitar. You partially resist.
You feel drained.
You closely miss the wight.
The wight is almost destroyed.
The wight hits you with a +0 scimitar!
* * * LOW HITPOINT WARNING * * *
The wight hits you with a +0 scimitar!
You die...

#.###########...#
#.####.#####
....##..........#
#g# #.#
.)..##.######...#
#.# #.# ....##.#
##### #.# #.#
...)##.###### #.#
#.# .....÷......#
##.## #.#
##.###.####)#
#####)..###.#
............#
##...........#
.#.########.#
#@#†##...#####
......#
#.##zz###....##
.#.##.#####.##.#
#####
.......(.......#
........z....(##
##.##.##.......##(#
#.##......<......#
#.#####...(...####
#............##


You could see 2 wights.

Vanquished Creatures
  2 wights (D:2)
  4 gnolls (D:2)
  2 adders (D:2)
  A dart slug (D:1)
  6 bats
  2 giant cockroaches
  10 goblins
  2 hobgoblins (D:1)
  A ball python (D:1)
  3 frilled lizards (D:1)
  6 kobolds
  8 rats
47 creatures vanquished.

Notes
Turn   | Place    | Note
-------+----------+-------------------------------------------
     0 | D:1      | FluffierThanThou the Ogre Fire Elementalist began the quest
                  | for the Orb.
     0 | D:1      | Reached XP level 1. HP: 16/16 MP: 3/3
   124 | D:1      | Reached XP level 2. HP: 26/26 MP: 1/5
   129 | D:1      | Learned a level 2 spell: Throw Flame
   147 | D:1      | Reached skill level 1 in Fighting
   456 | D:1      | Reached XP level 3. HP: 25/33 MP: 4/7
  1040 | D:2      | Reached XP level 4. HP: 27/42 MP: 2/8
  1290 | D:2      | Found a faded altar of an unknown god.
  1311 | D:2      | Reached XP level 5. HP: 15/52 MP: 2/10
  1471 | D:2      | Slain by a wight

Skill      XL: |  1  2  3  4  5 |
---------------+----------------+-----
Dodging        | 2 3 |  3.0
Fighting       | 1 2 3 |  3.1
Fire Magic     | 3 |  3.5
Spellcasting   | 3 |  3.8
Stealth        | |  1.4
Conjurations   | |  0.8

Action                   |  1- 3 |  4- 6 || total
-------------------------+-------+-------++-------
Melee: Unarmed           |     5 |       ||     5
       Mace              |    25 |    14 ||    39
       Dagger            |    21 |    11 ||    32
 Fire: Hunting sling     |       |    15 ||    15
Throw: Stone             |       |     5 ||     5
 Cast: Flame Tongue      |    36 |    30 ||    66
       Throw Flame       |     3 |     2 ||     5
  Use: Potion            |       |     3 ||     3
  Eat: Chunk             |       |     1 ||     1
Armor: Robe              |    22 |     4 ||    26
       Skin              |       |    13 ||    13
Dodge: Dodged            |    34 |    19 ||    53
